 Dungeon Crawl Stone Soup version 0.24-a0-249-g2af7e837d0 (webtiles) character file.

Game seed: 9024226862787699824

59652 Redear the Blocker (level 14, -2/99 HPs)
             Began as an Octopode Fighter on Apr 13, 2019.
             Was the Champion of Zin.
             Slain by a sixfirhy (9 damage)
             ... summoned by an orc high priest
             ... on level 2 of the Orcish Mines.
             The game lasted 02:08:08 (28478 turns).

Redear the Blocker (Octopode Fighter)              Turns: 28478, Time: 02:08:08

Health: -2/99      AC:  3    Str: 22    XL:     14   Next: 96%
Magic:  0/21       EV: 21    Int: 19    God:    Zin [******]
Gold:   2148       SH: 13    Dex: 18    Spells: 10/23 levels left

rFire    + . .     SeeInvis .   K - +6 scimitar (flame)
rCold    + + .     Gourm    .   b - +0 shield
rNeg     . . .     Faith    .   B - +2 hat
rPois    ∞         Spirit   +   n - amulet of guardian spirit {Spirit}
rElec    .         Reflect  .   f - ring of protection from fire {rF+}
rCorr    .         Harm     .   w - +2 ring of dexterity
MR       +....                  c - ring of protection from cold {rC+}
Stlth    ++++......             D - ring of wizardry {Wiz+}
HPRegen  0.26/turn              O - ring of protection from cold {rC+}
MPRegen  0.17/turn              F - +2 ring of intelligence
                                (no ring)
                                (no ring)

@: mighty, vitalised, lightly drained
A: almost no armour, stealthy swim, amphibious, 8 rings, constrict 8, camouflage
1, clever 1, gelatinous body 1, subdued magic 1
a: Recite, Vitalisation, Imprison, Sanctuary, Donate Gold, Renounce Religion


You were on level 2 of the Orcish Mines.
You worshipped Zin.
Zin was exalted by your worship.
You were hungry.

You visited 4 branches of the dungeon, and saw 21 of its levels.

You collected 2613 gold pieces.
You spent 217 gold pieces at shops.
You donated 248 gold pieces to Zin.

Inventory:

Hand Weapons
 k - the +7 spear of No Interval {pierce, +Inv rElec Dex-5}
   (You took it off a centaur on level 5 of the Dungeon)

   It inflicts extra damage upon your enemies.
   It affects your dexterity (-5).
   It insulates you from electricity.
   It lets you turn invisible.
 p - a +2 short sword of speed
 G - a +0 hunting sling of flaming
 K - a +6 scimitar of flaming (weapon)
Missiles
 e - 503 stones
 h - 11 javelins (quivered)
 i - 82 sling bullets
 o - 79 poisoned needles
 q - 48 tomahawks
 r - 122 bolts
 S - 8 poisoned tomahawks
 Z - a throwing net {+f}
Armour
 b - a +0 shield (worn)
 B - a +2 hat (worn)
Jewellery
 c - a ring of protection from cold (on tentacle) {rC+}
 f - a ring of protection from fire (left tentacle) {rF+}
 n - an amulet of guardian spirit (around mantle) {Spirit}
 w - a +2 ring of dexterity (right tentacle)
 D - a ring of wizardry (on tentacle) {Wiz+}
 F - a +2 ring of intelligence (on tentacle)
 O - a ring of protection from cold (on tentacle) {rC+}
Wands
 E - a wand of enslavement (16)
 I - a wand of iceblast (3)
 P - a wand of paralysis (2)
 U - a wand of disintegration (8)
 V - a wand of flame (60)
Scrolls
 d - a scroll of fog
 g - 2 scrolls of noise
 j - a scroll of fear
 m - 3 scrolls of random uselessness
 u - 8 scrolls of amnesia
 v - 3 scrolls of immolation
 A - a scroll of enchant armour
 M - 2 scrolls of magic mapping
 N - 22 scrolls of remove curse {@r2}
 R - 5 scrolls of identify {@r1}
 T - 4 scrolls of teleportation {@r3}
 W - a scroll of torment
 X - a scroll of brand weapon
Potions
 a - 2 potions of invisibility
 l - 2 potions of flight
 s - 5 potions of lignification
 x - 4 potions of agility {Stlth+ Dex+5 EV+5 | @q4}
 y - a potion of might {Str+5 DMG+1d10 | @q3}
 C - 2 potions of cancellation
 H - 2 potions of haste {@q5}
 L - a potion of brilliance {Archmagi Int+5 Wiz++}
 Q - 6 potions of curing {@q2}
Comestibles
 z - 16 rations


   Skills:
 - Level 10.0(9.6) Fighting
 - Level 11.1(10.7) Long Blades
 - Level 2.1(1.8) Polearms
 + Level 11.4(11.1) Dodging
 - Level 6.0(5.7) Stealth
 + Level 11.4(11.1) Shields
 - Level 5.0(4.7) Spellcasting
 - Level 6.3(6.0) Conjurations
 - Level 3.3(3.1) Hexes
 - Level 3.3(3.0) Air Magic
 - Level 8.0(7.7) Poison Magic
 - Level 6.3(5.9) Invocations
 - Level 6.0(5.7) Evocations


You had 10 spell levels left.
You knew the following spells:

 Your Spells              Type           Power        Failure   Level  Hunger
b - Cause Fear            Hex            ##........   21%         4    ####...
m - Mephitic Cloud        Conj/Pois/Air  ###.....     1%          3    ##.....
w - Venom Bolt            Conj/Pois      ###.......   12%         5    ######.
z - Corona                Hex            ##.....      1%          1    None

Your spell library contained the following spells:

 Spells                   Type           Power        Failure   Level  Hunger
 Magic Dart               Conj           ###.         1%          1    None
 Sting                    Conj/Pois      ###.         1%          1    None
 Poisonous Vapours        Pois/Air       ###...       1%          2    #......
 Slow                     Hex            ##......     2%          2    #......
 Olgreb's Toxic Radiance  Pois           ####....     2%          4    ####...
 Conjure Flame            Conj/Fire      ##......     6%          3    ##.....
 Ignite Poison            Fire/Tmut/Pois ##......     8%          3    ##.....
 Blink                    Tloc           N/A          11%         2    #......
 Call Imp                 Summ           #.......     11%         2    #......
 Inner Flame              Hex/Fire       #.......     12%         3    ##.....
 Portal Projectile        Hex/Tloc       #.....       12%         3    ##.....
 Leda's Liquefaction      Hex/Erth       #.........   36%         4    ####...
 Fireball                 Conj/Fire      ##........   50%         5    ######.
 Bolt of Fire             Conj/Fire      ##........   96%         6    #######
 Ring of Flames           Chrm/Fire      #.........   100%        7    #######
 Ignition                 Fire           #.........   100%        8    #######


Dungeon Overview and Level Annotations

Branches:
Dungeon (12/15)            Temple (1/1) D:4            Lair (6/6) D:8
  Swamp (0/4) Lair:2        Snake (0/4) Lair:2        Slime (0/5) Lair:6
    Orc (2/2) D:10            Elf (0/3) Orc:2

Altars:
Ashenzari
Cheibriados
Dithmenos
Elyvilon
Fedhas
Gozag
Hepliaklqana
Kikubaaqudgha
Makhleb
Nemelex Xobeh
Okawaru
Qazlal
Ru
Sif Muna
Trog
Uskayaw
Vehumet
Xom
Yredelemnul
Zin
The Shining One

Shops:
D:7 (   Orc:2 ?**

Portals:
Hell: Lair:6
Trove: D:12 (give +5 demon whip)

Annotations:
D:4 2 runed translucent doors, Redear's ghost, weakling VSBe
D:5 3 runed translucent doors, Shinnjin's ghost, novice MiBe
D:8 exclusion: two-headed ogre
D:11 exclusion: hydra
D:12 Urug
Lair:1 3 runed translucent doors, docpaisley's ghost, journeyman GnSk
Lair:4 exclusion: oklob plant


Innate Abilities, Weirdness & Mutations

You cannot wear most types of armour.
You are very stealthy in the water. (Stealth+)
You are amphibious.
You can wear up to eight rings at the same time.
You can use your tentacles to constrict eight enemies at once.
Your skin changes colour to match your surroundings (Stealth+).
Your rubbery body absorbs attacks. (AC +1, EV +1)
Your mind is acute. (Int +2)
Your spells are a little easier to cast, but a little less powerful.


Message History

You take 28 damage, and have 17/99 hp.
MASSIVE DAMAGE!!
You now have 4/21 mp.
Unknown command.
Unknown command.
Okay, then.
Press: ? - help, v - describe, . - travel
Here: an infernal demonspawn, wielding a +0 demon whip of electrocution and wearing a +0 scale mail (fleeing)
The floor.
Unknown command.
Unknown command.
Okay, then.
Unknown command.
You closely miss the orc high priest. You grab the orc high priest.
You squeeze the orc high priest.
The orc high priest is heavily wounded.
You constrict the orc high priest. You constrict the sixfirhy.
You block the sixfirhy's attack. The sixfirhy closely misses you.
The sixfirhy hits you!
* * * LOW HITPOINT WARNING * * *
The sixfirhy shocks you!
You die...

..........###∩.∩####.## ###
.........###.....##### #
........###..#)#..## #
.......###...6.....## #
.....####...#.#.#...## ###
.....###..........)))## ######..
....###..#.#.)...#)#[.## #.#.#...
...###..##...)#3o..##..###....#..
..###..###.).###@..###.)####)....
.###..###...## ##...###))###)....
.##..###...## ##...###).##.....
))..###..3## ##...###.)......
)..###...## #...###).....#
..###.#.## .##.#.###....))
.###..)## #.. #... ##.....
..###)#)## #6.# #.###......
...###...## ###..# ###.......


You could see an orc high priest, an infernal demonspawn (fleeing) and a
sixfirhy.

Vanquished Creatures
  Jorgrun (Orc:2)
  Snorg (Lair:4)
  Josephine (Orc:2)
  7 hydras
  Erica (D:10)
  3 two-headed ogres
  5 orc high priests
  3 death yaks (Lair:6)
  3 sun demons
  A sixfirhy (Orc:2)
  A wizard (Lair:6)
  A lindwurm (Lair:4)
  6 orc knights
  2 deep elf magi (Orc:1)
  An ugly thing (D:12)
  3 orc sorcerers (Orc:2)
  4 black mambas
  A rust devil (Orc:2)
  An elephant (Lair:6)
  A smoke demon (Lair:6)
  9 spiny frogs
  5 orange demons (Lair:6)
  7 rime drakes
  A gargoyle (D:11)
  A hellwing (Orc:2)
  An efreet (D:11)
  2 komodo dragons
  A red devil (Lair:6)
  5 trolls
  4 dream sheep (Lair:6)
  11 hippogriffs
  A water elemental (D:12)
  41 yaks
  5 wraiths (Orc:2)
  A wyvern (D:9)
  5 basilisks
  2 hungry ghosts
  A chaos spawn (Orc:2)
  A neqoxec (Orc:2)
  4 vampire mosquitoes (Lair:2)
  2 insubstantial wisps (Lair:2)
  2 nagas (Lair:2)
  A swamp worm (Lair:2)
  4 hell hounds (Lair:6)
  9 water moccasins
  13 porcupines
  A swamp drake (Orc:1)
  2 ice beasts
  37 orc warriors
  2 phantoms
  An eye of draining (D:11)
  A sky beast (D:12)
  A necrophage (D:8)
  9 wolves
  8 ogres
  8 crocodiles
  4 centaurs
  2 big kobolds
  13 bullfrogs
  A wyvern skeleton (D:11)
  2 scorpions
  4 killer bees (D:10)
  5 wights (D:10)
  A howler monkey (D:7)
  An electric eel (D:12)
  5 crimson imps
  3 quasits
  A centaur zombie (D:8)
  A gnoll shaman (D:6)
  6 jellies
  4 hounds
  27 orc priests
  2 centaur skeletons
  An iron imp (Orc:1)
  8 worker ants
  An iguana (D:6)
  23 orc wizards
  A hound zombie (D:6)
  17 gnolls
  5 adders
  3 shadow imps
  A white imp (Orc:1)
  5 oozes
  5 worms
  3 dart slugs
  8 leopard geckos
  103 orcs
  6 bats
  5 giant cockroaches
  7 goblins
  9 hobgoblins
  6 jackals
  A quokka (D:8)
  2 ball pythons
  8 frilled lizards (D:2)
  A giant cockroach zombie (D:6)
  21 kobolds
  A quokka skeleton (D:4)
  2 quokka zombies
  3 rats
  2 fungi
596 creatures vanquished.

Vanquished Creatures (collateral kills)
  A hydra (Lair:6)
1 creature vanquished.

Vanquished Creatures (others)
  A spiny frog (Lair:6)
  An orc wizard (D:6)
  An orc (D:7)
  4 fungi
  A pillar of salt (Orc:1)
  3 plants
11 creatures vanquished.

Grand Total: 608 creatures vanquished

Notes
Turn   | Place    | Note
-------+----------+-------------------------------------------
     0 | D:1      | Redear the Octopode Fighter began the quest for the Orb.
     0 | D:1      | Reached XP level 1. HP: 16/16 MP: 1/1
     2 | D:1      | Noticed a ghoul
     4 | D:1      | Noticed a troll
     4 | D:1      | Noticed a gargoyle
     6 | D:1      | Noticed a demonspawn
     6 | D:1      | Noticed a naga
     8 | D:1      | Noticed a centaur
    10 | D:1      | Noticed a vine stalker
    10 | D:1      | Noticed a vampire
    12 | D:1      | Noticed an octopode
    12 | D:1      | Noticed an elf
    14 | D:1      | Noticed a merfolk
    16 | D:1      | Noticed an ogre
    16 | D:1      | Noticed a halfling
    18 | D:1      | Noticed a formicid
    18 | D:1      | Noticed a dwarf
    20 | D:1      | Noticed a demigod
    20 | D:1      | Noticed a minotaur
    22 | D:1      | Noticed a human
    22 | D:1      | Noticed a tengu
    24 | D:1      | Noticed a draconian
    26 | D:1      | Noticed a felid
    26 | D:1      | Noticed a spriggan
   248 | D:1      | Reached XP level 2. HP: 21/21 MP: 2/2
   598 | D:1      | Reached XP level 3. HP: 25/26 MP: 3/3
   786 | D:1      | Found a white marble altar of Elyvilon.
   788 | D:1      | Found a glowing silver altar of Zin.
   788 | D:1      | Found a hide-covered altar of Uskayaw.
   790 | D:1      | Found a shimmering altar of Xom.
   790 | D:1      | Found a blossoming altar of Fedhas.
   790 | D:1      | Found an ornate altar of the Wu Jian Council.
  1269 | D:2      | Reached XP level 4. HP: 9/31 MP: 4/4
  2493 | D:3      | Reached skill level 3 in Long Blades
  2662 | D:4      | Found a staircase to the Ecumenical Temple.
  2670 | D:4      | Noticed a phantom
  2724 | D:4      | Killed a phantom
  2724 | D:4      | Reached skill level 4 in Fighting
  2724 | D:4      | Reached skill level 4 in Dodging
  2724 | D:4      | Reached skill level 4 in Shields
  2724 | D:4      | Reached XP level 5. HP: 22/37 MP: 5/5
  2727 | Temple   | Entered the Ecumenical Temple
  2759 | Temple   | Became a worshipper of Zin the Law-Giver
  2759 | Temple   | Reached * piety under Zin
  2971 | D:4      | Found a hide-covered altar of Uskayaw.
  2974 | D:4      | Noticed a +0 hand axe
  2974 | D:4      | Noticed a +0 hand axe
  3018 | D:4      | Found a radiant altar of Vehumet.
  3237 | D:4      | Found a large runed translucent door.
  3237 | D:4      | Found a large runed translucent door.
  3238 | D:4      | Noticed Redear's ghost (weakling VSBe)
  3251 | D:4      | Reached XP level 6. HP: 40/43 MP: 6/6
  3309 | D:4      | Reached ** piety under Zin
  3621 | D:5      | Entered Level 5 of the Dungeon
  3644 | D:5      | Found a runed translucent gate.
  3644 | D:5      | Found a runed translucent gate.
  3644 | D:5      | Found a runed translucent gate.
  3645 | D:5      | Noticed Shinnjin's ghost (novice MiBe)
  3646 | D:5      | Found a stormy altar of Qazlal.
  3650 | D:5      | Noticed a water elemental
  3669 | D:5      | Noticed an air elemental
  3669 | D:5      | Noticed a fire elemental
  3768 | D:5      | Found a glowing golden altar of the Shining One.
  3838 | D:5      | Identified the +7 spear of No Interval {pierce, +Inv rElec
                  | Dex-5}
  3897 | D:5      | Reached skill level 1 in Stealth
  4100 | D:5      | Reached skill level 2 in Stealth
  4100 | D:5      | Reached XP level 7. HP: 37/49 MP: 2/7
  4119 | D:5      | Reached skill level 4 in Long Blades
  4494 | D:6      | Reached skill level 3 in Stealth
  4864 | D:6      | Reached skill level 5 in Dodging
  4864 | D:6      | Reached skill level 5 in Shields
  4898 | D:6      | Reached skill level 5 in Fighting
  4898 | D:6      | Reached skill level 1 in Polearms
  4906 | D:6      | Reached XP level 8. HP: 41/55 MP: 8/8
  4946 | D:6      | Found a shattered altar of Ashenzari.
  4997 | D:6      | Reached skill level 4 in Stealth
  5065 | D:6      | Reached skill level 2 in Polearms
  5073 | D:6      | Reached *** piety under Zin
  5883 | D:6      | Reached skill level 5 in Stealth
  6158 | D:6      | Found a snail-covered altar of Cheibriados.
  6472 | D:7      | Reached skill level 6 in Shields
  6477 | D:7      | Reached skill level 6 in Fighting
  6477 | D:7      | Reached skill level 6 in Dodging
  6492 | D:6      | Reached skill level 6 in Stealth
  6492 | D:6      | Reached XP level 9. HP: 53/62 MP: 7/9
  6672 | D:7      | Reached **** piety under Zin
  6908 | D:7      | Found Vohegiat's Antique Weapon Emporium.
  7204 | D:8      | Found a shadowy altar of Dithmenos.
  7589 | D:8      | Found a white marble altar of Elyvilon.
  7601 | D:8      | Reached skill level 1 in Invocations
  7601 | D:8      | Reached skill level 1 in Evocations
  7688 | D:8      | Found a sparkling altar of Nemelex Xobeh.
  7696 | D:8      | Found a staircase to the Lair.
  7700 | D:8      | Reached skill level 2 in Invocations
  7700 | D:8      | Reached skill level 2 in Evocations
  7742 | D:8      | Reached skill level 3 in Invocations
  7742 | D:8      | Reached skill level 3 in Evocations
  7776 | D:8      | Noticed a two-headed ogre
  7992 | D:8      | Reached skill level 4 in Invocations
  8054 | D:8      | Found an iron altar of Okawaru.
  8563 | D:8      | Reached skill level 5 in Invocations
  8563 | D:8      | Reached XP level 10. HP: 68/68 MP: 13/13
  8662 | D:9      | Found a basalt altar of Yredelemnul.
  8867 | D:9      | HP: 6/69 [troll (9)]
  8870 | D:9      | Reached skill level 6 in Invocations
  9137 | D:9      | Reached skill level 4 in Evocations
  9357 | D:9      | Reached skill level 5 in Evocations
  9505 | D:9      | Found a blossoming altar of Fedhas.
  9512 | D:9      | Found a glowing golden altar of the Shining One.
  9875 | D:10     | Entered Level 10 of the Dungeon
 10108 | D:10     | Reached skill level 6 in Evocations
 10111 | D:10     | Noticed Erica
 10352 | D:10     | Reached skill level 7 in Dodging
 10365 | D:10     | Noticed a two-headed ogre
 10485 | D:10     | Noticed a two-headed ogre
 10498 | D:10     | Killed a two-headed ogre
 10498 | D:10     | Reached skill level 7 in Fighting
 10498 | D:10     | Reached skill level 7 in Shields
 10902 | D:10     | Found a staircase to the Orcish Mines.
 11038 | D:10     | Killed a two-headed ogre
 11250 | D:10     | Killed Erica
 11250 | D:10     | Reached skill level 8 in Fighting
 11250 | D:10     | Reached skill level 8 in Dodging
 11250 | D:10     | Reached skill level 8 in Shields
 11250 | D:10     | Reached XP level 11. HP: 27/77 MP: 5/15
 11817 | D:11     | Noticed a two-headed ogre
 11830 | D:11     | Killed a two-headed ogre
 11851 | D:11     | Reached ***** piety under Zin
 11909 | D:11     | Noticed an eight-headed hydra
 13151 | D:12     | Reached skill level 9 in Dodging
 13179 | D:12     | Noticed a white ugly thing
 13209 | D:12     | Killed a white ugly thing
 13209 | D:12     | Reached skill level 9 in Fighting
 13209 | D:12     | Reached skill level 9 in Shields
 13249 | D:12     | Gained mutation: Your mind is acute. (Int +2) [mutagenic
                  | glow]
 13542 | D:12     | Reached ****** piety under Zin
 13546 | D:12     | Found a portal to a secret trove of treasure.
 13743 | D:12     | Noticed Urug
 13809 | D:12     | HP: 5/80 [yak (10)]
 13849 | D:12     | HP: 4/80 [Urug/javelin (21)]
 14188 | D:12     | Learned a level 3 spell: Mephitic Cloud
 14190 | D:12     | Learned a level 1 spell: Corona
 14195 | D:12     | Learned a level 4 spell: Cause Fear
 14298 | D:12     | Noticed a six-headed hydra
 14495 | Lair:1   | Entered Level 1 of the Lair of Beasts
 15063 | Lair:1   | Noticed a seven-headed hydra
 15071 | Lair:1   | Noticed a four-headed hydra
 15265 | Lair:1   | Killed a one-headed hydra
 15265 | Lair:1   | Reached XP level 12. HP: 51/87 MP: 12/16
 15461 | Lair:1   | Killed a one-headed hydra
 15461 | Lair:1   | Reached skill level 10 in Dodging
 15764 | Lair:1   | Reached skill level 10 in Fighting
 15794 | Lair:1   | Noticed a seven-headed hydra
 15798 | Lair:1   | Noticed docpaisley's ghost (journeyman GnSk)
 15811 | Lair:1   | Found a runed translucent gate.
 15811 | Lair:1   | Found a runed translucent gate.
 15811 | Lair:1   | Found a runed translucent gate.
 15861 | Lair:1   | Reached skill level 10 in Shields
 16466 | Lair:2   | Reached skill level 5 in Long Blades
 16797 | Lair:2   | Reached skill level 6 in Long Blades
 16926 | Lair:2   | Reached skill level 7 in Long Blades
 17360 | Lair:2   | Found a staircase to the Snake Pit.
 17413 | Lair:2   | You fall through a shaft for 2 floors!
 17752 | Lair:2   | Found a staircase to the Swamp.
 17827 | Lair:3   | Reached skill level 8 in Long Blades
 17868 | Lair:3   | Noticed a five-headed hydra
 17877 | Lair:3   | Killed a one-headed hydra
 18244 | Lair:3   | Reached skill level 9 in Long Blades
 19161 | Lair:4   | Reached skill level 10 in Long Blades
 19448 | Lair:4   | Noticed Snorg
 20029 | Lair:4   | Killed Snorg
 20029 | Lair:4   | Reached skill level 1 in Conjurations
 20029 | Lair:4   | Reached skill level 1 in Hexes
 20029 | Lair:4   | Reached skill level 1 in Air Magic
 20029 | Lair:4   | Reached skill level 1 in Poison Magic
 20029 | Lair:4   | Reached XP level 13. HP: 20/92 MP: 4/17
 20032 | Lair:4   | HP: 7/92 [porcupine's spines (14)]
 20044 | Lair:4   | Gained mutation: Your spells are a little easier to cast,
                  | but a little less powerful. [mutagenic glow]
 20454 | Lair:5   | Reached skill level 2 in Poison Magic
 20500 | Lair:5   | Reached skill level 2 in Conjurations
 20500 | Lair:5   | Reached skill level 2 in Hexes
 20500 | Lair:5   | Reached skill level 2 in Air Magic
 20690 | Lair:5   | Reached skill level 3 in Poison Magic
 21394 | Lair:5   | Reached skill level 3 in Conjurations
 21394 | Lair:5   | Reached skill level 3 in Hexes
 21398 | Lair:5   | Reached skill level 3 in Air Magic
 21720 | Lair:6   | Entered Level 6 of the Lair of Beasts
 21761 | Lair:6   | Reached skill level 4 in Poison Magic
 22030 | Lair:6   | Reached skill level 4 in Conjurations
 22072 | Lair:6   | Found a staircase to the Slime Pits.
 22111 | Lair:6   | Reached skill level 5 in Poison Magic
 22599 | Lair:6   | Reached skill level 5 in Conjurations
 22599 | Lair:6   | Reached skill level 6 in Poison Magic
 23070 | Lair:6   | Reached skill level 7 in Poison Magic
 23082 | Lair:6   | Reached skill level 6 in Conjurations
 23255 | Lair:6   | Reached skill level 2 in Spellcasting
 23476 | Lair:6   | HP: 6/92 [four-headed hydra (15)]
 23480 | Lair:6   | Reached skill level 3 in Spellcasting
 23480 | Lair:6   | Reached XP level 14. HP: 7/99 MP: 2/18
 24112 | Lair:6   | Found a burning altar of Makhleb.
 24126 | Lair:6   | Reached skill level 4 in Spellcasting
 24131 | Lair:6   | Reached skill level 5 in Spellcasting
 24144 | Lair:6   | Found a gateway to Hell.
 24181 | Lair:6   | Learned a level 5 spell: Venom Bolt
 24472 | Orc:1    | Entered Level 1 of the Orcish Mines
 24535 | Orc:1    | Reached skill level 8 in Poison Magic
 25075 | Orc:2    | Entered Level 2 of the Orcish Mines
 25160 | Orc:2    | Noticed Josephine
 25208 | Orc:2    | Killed Josephine
 26258 | Orc:2    | Noticed Jorgrun
 26304 | Orc:2    | Found Laotur's General Store.
 26532 | Orc:2    | Found Duyvuczo's General Store.
 26894 | Orc:2    | Bought a scroll of identify for 28 gold pieces
 27343 | Orc:2    | Found Desykuk's Magic Scroll Emporium.
 27351 | Orc:2    | Bought a scroll of identify for 28 gold pieces
 27351 | Orc:2    | Bought a scroll of identify for 28 gold pieces
 27351 | Orc:2    | Bought a scroll of identify for 28 gold pieces
 27351 | Orc:2    | Bought a scroll of enchant weapon for 105 gold pieces
 27361 | Orc:2    | Found a staircase to the Elven Halls.
 27378 | Orc:2    | Killed Jorgrun
 27378 | Orc:2    | Reached skill level 11 in Long Blades
 27516 | Orc:2    | Reached skill level 11 in Shields
 27526 | Orc:2    | Reached skill level 11 in Dodging
 28028 | Orc:2    | HP: 8/99 [orc knight/+0 great mace (22)]
 28478 | Orc:2    | HP: 7/99 [sixfirhy[an orc high priest] (10)]
 28478 | Orc:2    | Slain by a sixfirhy

Levels and vault maps discovered:
D:1:      kb_arrival_jail, layout_loops_cross,
          hangedman_abyss_or_decor_lesser_grid, doesnt_xom_only_xom
D:2:      layout_basic, minmay_lizard_king
D:3:      layout_loops_ring, first_ration
D:4:      layout_gridville, dancing_weapons_uskayaw,
          nicolae_overflow_hidden_temple, minmay_temple_entry_large_hall,
          ebering_ghost_disaster_area
D:5:      wad_pebble_path, layout_rooms, nicolae_qazlal_style_of_elements,
          basic_altar, ebering_ghost_rock_garden
D:6:      layout_basic, kennysheep_mini, lemuel_crystal_altar,
          serial_bayou_pond_e
D:7:      layout_basic, serial_shops, nicolae_shop_waterfront, grunt_ogre_cave
D:8:      old_forge, layout_basic, nemelex_xobeh_ov_fountains_minmay,
          elyvilon_altar_5, okawaru_altar_gauntlet_db, old_standard_altar,
          grunt_lair_entry_orc_guard_hut
D:9:      layout_gridville, kennysheep_mini_moat, overflow_temple_1_default,
          fedhas_altar_1
D:10:     layout_long_grid, hiddenorc1_lemuel, uniq_erica
D:11:     layout_long_grid
D:12:     layout_basic, enter_trove_6, uniq_urug
Temple:   eino_wide_crystal_templ
Lair:1:   layout_loops_ring, serial_rivers, chequers_serial_rivers_marsh,
          chequers_serial_rivers_room_a, chequers_serial_rivers_micro_b,
          chequers_serial_rivers_small_b, gammafunk_ghost_split,
          infiniplex_staircase_pool
Lair:2:   layout_chaotic_city, minmay_swamp_entry_worms,
          guppyfry_snake_entry_garden, pond
Lair:3:   layout_regular_city, kennysheep_catoblepas_arena
Lair:4:   layout_cave_pods, minmay_lair_oklob_chamber, uniq_snorg
Lair:5:   layout_roguey, minivault_26, lemuel_fruit_tree,
          infiniplex_staircase_pool_2
Lair:6:   evil_forest, layout_cave_pods, nicolae_slime_entry_slimehenge
Orc:1:    layout_caves, serial_shops, nicolae_shop_competitors_out_of_business,
          hangedman_minor_magic
Orc:2:    pf_orc_diabolical, layout_diamond_mine, serial_shops, shop,
          uniq_josephine, uniq_jorgrun

Skill      XL: |  1  2  3  4  5  6  7  8  9 10 11 12 13 14 |
---------------+-------------------------------------------+-----
Long Blades    | 3 4 10 11 | 11.1
Fighting       | 4 5 6 8 9 10 | 10.0
Dodging        | 4 5 6 8 9 10 11 | 11.4
Shields        | 4 5 6 8 9 10 11 | 11.4
Stealth        | 2 3 6 |  6.0
Polearms       | 1 2 |  2.1
Invocations    | 5 6 |  6.3
Evocations     | 3 6 |  6.0
Conjurations   | 1 6 |  6.3
Hexes          | 1 3 |  3.3
Air Magic      | 1 3 |  3.3
Poison Magic   | 1 7 8 |  8.0
Spellcasting   | 3 5 |  5.0

Action                   |  1- 3 |  4- 6 |  7- 9 | 10-12 | 13-15 || total
-------------------------+-------+-------+-------+-------+-------++-------
Melee: Long sword        |    58 |    66 |       |       |       ||   124
       Constrict         |    25 |    28 |    42 |    67 |   102 ||   264
       Tentacles         |    11 |    21 |    40 |   143 |   209 ||   424
       Short sword       |       |    32 |     6 |     9 |       ||    47
       Spear             |       |     3 |   322 |   363 |       ||   688
       Scimitar          |       |       |       |   262 |   665 ||   927
Throw: Stone             |       |     1 |     4 |     1 |     3 ||     9
       Javelin           |       |       |       |       |     2 ||     2
       Throwing net      |       |       |       |       |     2 ||     2
 Cast: Mephitic Cloud    |       |       |       |       |    18 ||    18
       Corona            |       |       |       |       |     1 ||     1
       Cause Fear        |       |       |       |       |     1 ||     1
       Venom Bolt        |       |       |       |       |     1 ||     1
Invok: Vitalisation      |       |       |       |    10 |    18 ||    28
       Recite            |       |       |       |       |     2 ||     2
 Abil: Evoke Invisibilit |       |     1 |     6 |    20 |     1 ||    28
Evoke: Wand              |       |       |       |     8 |    15 ||    23
  Use: Scroll            |       |     6 |     7 |    11 |    12 ||    36
       Potion            |       |     1 |     5 |     6 |     7 ||    19
 Stab: Sleeping          |     8 |    11 |     8 |    33 |    10 ||    70
       Distracted        |     1 |     2 |       |     2 |       ||     5
       Invisible         |       |       |     6 |    17 |       ||    23
       Paralysed         |       |       |       |     5 |     2 ||     7
       Confused          |       |       |       |       |    24 ||    24
  Eat: Chunk             |     1 |     5 |     1 |    19 |    12 ||    38
       Ration            |       |     1 |     5 |     8 |     5 ||    19
Armor: Skin              |     8 |     4 |     7 |    10 |     6 ||    35
Dodge: Dodged            |    44 |    67 |   185 |   369 |   345 ||  1010
Block: Buckler           |       |       |    40 |    90 |       ||   130
       Shield            |       |       |       |   152 |   307 ||   459
       Rpst.: Long sword |    13 |     8 |       |       |       ||    21
       Scimitar          |       |       |       |    25 |    91 ||   116

Table legend:
 A = Non-vault XP
 B = Vault XP
 C = Vault XP percentage of total XP
 D = Non-vault monster count
 E = Vault monster count
 F = Vault count percentage of total count
                 A         B        C        D         E       F
            +---------+---------+-------+---------+---------+-------
      Total |   52320 |   32898 |  38.6 |     441 |     155 |  26.0
            +---------+---------+-------+---------+---------+-------
        D:1 |      38 |       0 |   0.0 |      17 |       0 |   0.0
        D:2 |      72 |       9 |  11.1 |      25 |       7 |  21.9
        D:3 |      33 |       0 |   0.0 |      14 |       0 |   0.0
        D:4 |     236 |       0 |   0.0 |      13 |       0 |   0.0
        D:5 |     536 |       0 |   0.0 |      13 |       0 |   0.0
        D:6 |    1305 |       0 |   0.0 |      32 |       0 |   0.0
        D:7 |    1069 |     122 |  10.2 |      27 |       1 |   3.6
        D:8 |     720 |     515 |  41.7 |      17 |      10 |  37.0
        D:9 |    1316 |       0 |   0.0 |      24 |       0 |   0.0
       D:10 |    2843 |    1112 |  28.1 |      26 |      18 |  40.9
       D:11 |    2541 |       0 |   0.0 |      23 |       0 |   0.0
       D:12 |    4201 |       0 |   0.0 |      20 |       0 |   0.0
     Lair:1 |    4105 |       0 |   0.0 |      14 |       0 |   0.0
     Lair:2 |    2543 |    1514 |  37.3 |      15 |       9 |  37.5
     Lair:3 |    3640 |       0 |   0.0 |      12 |       0 |   0.0
     Lair:4 |    3550 |    1123 |  24.0 |      16 |       1 |   5.9
     Lair:5 |    5539 |       0 |   0.0 |      22 |       0 |   0.0
     Lair:6 |   11436 |    9070 |  44.2 |      35 |      30 |  46.2
      Orc:1 |    2611 |    1575 |  37.6 |      24 |      17 |  41.5
      Orc:2 |    3986 |   17858 |  81.8 |      52 |      62 |  54.4
            +---------+---------+-------+---------+---------+-------
